 Dungeon Crawl Stone Soup version 0.19-a0-1494-gdfa627f (webtiles) character file.

194981 Sull3877 the Executioner (level 17, -12/156 HPs)
             Began as a Minotaur Fighter on Mar 22, 2016.
             Was a High Priest of Cheibriados.
             Mangled by an alligator snapping turtle (28 damage)
             ... on level 2 of the Shoals on Sept 10, 2016.
             The game lasted 06:03:35 (28436 turns).

Sull3877 the Executioner (Minotaur Fighter)        Turns: 28436, Time: 06:03:36

Health: -12/156    AC: 32    Str: 41    XL:     17   Next: 69%
Magic:  10/24      EV: 14    Int: 19    God:    Cheibriados [*****.]
Gold:   2825       SH: 26    Dex: 25    Spells: 0 memorised, 16 levels left

rFire  . . .     SeeInvis .     z - +4 war axe (drain)
rCold  + . .     Gourm    .     G - +1 plate armour {rC+}
rNeg   . . .     Faith    +     d - +4 large shield
rPois  +         Spirit   .     v - +1 hat
rElec  .         Dismiss  .     O - +2 cloak {rPois}
rCorr  .         Reflect  .     t - +0 pair of gloves
MR     +....     Harm     .     (no boots)
Stlth  ..........               X - amulet of faith
                                i - +6 ring of evasion
                                T - ring of Robustness {AC+8}

@: very slow
A: retaliatory headbutt, horns 2, slimy green scales 1
a: Bend Time, Temporal Distortion, Slouch, Step From Time, Renounce Religion
}: 1/15 runes: gossamer


You were on level 2 of the Shoals.
You worshipped Cheibriados.
Cheibriados was extremely pleased with you.
You were very hungry.

You visited 4 branches of the dungeon, and saw 29 of its levels.
You also visited: Ice Cave and Volcano.

You collected 2825 gold pieces.

Inventory:

Hand Weapons
 z - a +4 war axe of draining (weapon)
 R - a +2 broad axe of chopping
Missiles
 D - 2 silver tomahawks
 U - 2 javelins
 Y - 8 tomahawks (quivered)
Armour
 d - a +4 large shield (worn)
 t - a +0 pair of gloves (worn)
 v - a +1 hat (worn)
 G - a +1 plate armour of cold resistance (worn)
 O - a +2 cloak of poison resistance (worn)
Jewellery
 c - an uncursed ring of protection from magic
 i - a +6 ring of evasion (right hand)
 j - an uncursed ring of protection from fire
 q - an uncursed ring of protection from cold
 u - an uncursed ring of protection from magic
 w - a +5 ring of protection {unknown}
 F - an uncursed ring of poison resistance
 K - an uncursed ring of ice
 Q - an uncursed ring of resist corrosion
 T - the ring of Robustness (left hand) {AC+8}
   (You found it on level 5 of the Lair of Beasts)

   [ring of protection]

   It affects your AC (+8).
 X - an amulet of faith (around neck)
Wands
 a - a wand of iceblast (1/15)
 n - a wand of flame (8/48)
 s - a wand of lightning (0/15)
 B - a wand of lightning (0/15)
 H - a wand of digging (13/24)
 J - a wand of paralysis (3/24)
 N - a wand of iceblast (0/15)
Scrolls
 e - 7 scrolls of magic mapping
 h - 4 scrolls of identify
 p - 4 scrolls of fear
 r - 11 scrolls of remove curse
 y - a scroll of amnesia
 M - a scroll of blinking
 P - a scroll of recharging
 W - 4 scrolls of teleportation
Potions
 g - 4 potions of resistance
 k - 15 potions of brilliance
 l - 8 potions of flight
 m - 3 potions of might
 o - 7 potions of curing
 E - a potion of cancellation
 L - 5 potions of heal wounds
 V - 2 potions of ambrosia
 Z - a potion of cure mutation
Books
 b - a Young Poisoner's Handbook

   Spells                             Type                      Level
   a - Sting                          Conjuration/Poison           1
   b - Mephitic Cloud                 Conjuration/Poison/Air       3
   c - Olgreb's Toxic Radiance        Poison                       4
   d - Alistair's Intoxication        Transmutation/Poison         5
   e - Venom Bolt                     Conjuration/Poison           5
Comestibles
 f - 6 bread rations
 x - 7 beef jerkies
 A - 12 meat rations
 C - 7 fruits
 I - 2 slices of pizza
 S - 6 royal jellies


   Skills:
 - Level 15.0 Fighting
 * Level 25.2 Axes
 - Level 12.0 Armour
 - Level 3.1 Dodging
 - Level 9.0 Shields
 - Level 11.3 Invocations
 - Level 8.0 Evocations


You had 16 spell levels left.
You didn't know any spells.

Dungeon Overview and Level Annotations

Branches:
Dungeon (15/15)            Temple (0/1) D:7            Lair (8/8) D:9
 Shoals (2/4) Lair:4       Spider (4/4) Lair:5        Slime (0/6) Lair:7
    Orc (0/2) D:11         Vaults (0/5) D:13         Depths (0/5) D:15

Altars:
Ashenzari
Cheibriados
Dithmenos
Gozag
Kikubaaqudgha
Makhleb
Okawaru
Ru
Sif Muna
Trog
Xom
Yredelemnul
The Shining One
Beogh
Jiyva

Shops:
D:9 %   D:14 (

Annotations:
Lair:2 exclusion: 3 oklob plants


Innate Abilities, Weirdness & Mutations

You reflexively headbutt those who attack you in melee.
You have a pair of horns on your head.
You are partially covered in slimy green scales. (AC +2)


Message History

You kill the death yak!
Cheibriados thoroughly appreciates the change of pace.
You are feeling very hungry.
Cheibriados lowers the support of your attributes as your movement quickens.
The snapping turtle is no longer petrified.
You block the alligator snapping turtle's attack.
The snapping turtle is engulfed in calcifying dust.
The snapping turtle is moving more slowly.
You block the death yak's attack. The catoblepas gores you!
* * * LOW HITPOINT WARNING * * *
You enter the shallow water.
Moving in this stuff is going to be slow.
The death yak stops moving altogether!
The death yak seems less drained.
The catoblepas breathes a plume of calcifying dust at you.
The blast of calcifying dust hits you!
You block the alligator snapping turtle's attack. x2
The catoblepas gores you!
* * * LOW HITPOINT WARNING * * *
The alligator snapping turtle bites you from afar!!
You die...

≈≈≈≈≈≈≈≈≈≈≈≈≈≈≈
≈≈≈≈≈≈≈≈≈≈≈≈≈≈≈≈
≈≈≈≈≈≈≈≈≈≈≈≈≈≈≈≈ ≈
...≈≈≈≈≈≈≈≈≈≈≈≈ ≈≈≈
....≈≈≈≈≈≈≈≈≈≈≈
≈≈≈. ##.≈≈≈≈≈≈≈≈≈≈≈
≈≈≈.##..≈t≈≈≈≈≈≈≈≈≈
≈≈≈≈..≈≈≈.Y@§§.≈≈≈≈
≈≈≈≈≈≈≈..Y.....≈≈≈≈
≈≈≈≈C≈...tY....≈≈≈≈
≈≈≈≈.......#..≈≈≈≈≈
≈≈≈.......###.?..≈.
≈≈≈.......###......
≈≈≈≈...##..........
≈≈≈≈...............
≈≈≈≈≈.............


You could see Polyphemus (wandering), an alligator snapping turtle, 2 death
yaks, a catoblepas and a snapping turtle (petrifying).

Vanquished Creatures
  The ghost of thromnambular the Warrior, an adept DrAE of Vehumet (Spider:1)
  Kirke (Lair:8)
  3 ghost moths (Spider:4)
  5 emperor scorpions
  The ghost of moose the Severer, a journeyman GrAM of Okawaru (Volcano)
  A dire elephant (D:15)
  Snorg (D:13)
  A white draconian (IceCv)
  2 spark wasps (Spider:4)
  A merfolk javelineer (Shoals:1)
  2 fire dragons (Lair:8)
  4 vault guards (D:13)
  Josephine (Lair:8)
  The ghost of stolve the Bludgeoner, a journeyman MiBe of Trog (D:13)
  A merfolk impaler (Shoals:1)
  2 rakshasas
  Harold (Volcano)
  4 entropy weavers
  10 hydras
  A catoblepas (Lair:7)
  Erolcha (D:8)
  A merfolk avatar (Shoals:1)
  4 centaur warriors
  The ghost of AtomicRavioli the Sneak, a novice NaFi (Lair:1)
  2 merfolk aquamancers
  A death knight (D:14)
  A tengu warrior (D:15)
  22 death yaks
  A fire crab (Lair:8)
  8 skeletal warriors
  3 unseen horrors
  A sea snake (Shoals:1)
  5 hill giants
  A wolf spider zombie (D:14)
  2 deep elf magi
  A statue (Volcano)
  2 lindwurms (Lair:8)
  An orc sorcerer (D:13)
  17 orb spiders
  2 griffons (Lair:8)
  24 wolf spiders
  A wizard (D:13)
  6 manticores
  An orc knight (D:13)
  2 ugly things (D:11)
  A salamander (D:15)
  5 hornets
  5 cyclopes
  A hornet (shapeshifter) (D:14)
  2 moths of wrath
  2 sirens (Shoals:1)
  11 elephants
  2 guardian serpents (shapeshifter)
  A water nymph (Shoals:2)
  Maurice (D:8)
  An ice statue (IceCv)
  6 black mambas
  A black mamba (shapeshifter) (D:14)
  3 gargoyles
  8 rime drakes
  6 torpor snails
  2 kobold demonologists (D:14)
  An efreet (D:15)
  9 spiny frogs
  A freezing wraith (D:14)
  10 demonic crawlers
  7 komodo dragons
  5 merfolk
  3 trolls
  A queen bee (D:10)
  15 polar bears
  36 jumping spiders
  5 slime creatures (D:15)
  A raiju (shapeshifter) (D:15)
  3 hornet zombies (D:15)
  3 two-headed ogres
  2 wind drakes
  20 blink frogs
  4 giant leeches (Lair:8)
  A boulder beetle (Spider:2)
  2 snapping turtles (Shoals:1)
  73 redbacks
  3 shadows
  8 wyverns
  27 tarantellas
  6 water elementals
  A vampire (D:13)
  8 wraiths
  4 hogs (Lair:8)
  35 yaks
  8 basilisks
  9 hippogriffs
  A fire bat (Volcano)
  5 steam dragons
  3 vampire mosquitoes (D:12)
  2 hungry ghosts (D:9)
  2 mottled dragons
  14 water moccasins
  16 porcupines
  A swamp drake (Lair:8)
  A necrophage (D:9)
  5 ice beasts
  14 orc warriors
  5 wasps
  A black bear (D:7)
  5 sky beasts
  16 wolves
  8 ogres
  13 centaurs
  24 crocodiles
  5 big kobolds
  19 giant frogs
  A wyvern zombie (D:11)
  A water moccasin zombie (D:6)
  4 scorpions
  25 killer bees
  A water moccasin skeleton (D:5)
  7 wights
  2 electric eels (Spider:4)
  4 crimson imps
  A giant frog zombie (D:12)
  6 centaur zombies
  2 jellies (D:6)
  4 lava snakes (Volcano)
  6 orc priests
  4 giant frog skeletons
  3 gnoll shamans (D:7)
  7 hounds
  4 centaur skeletons
  13 orc wizards
  14 iguanas
  10 worker ants
  35 removed MONS_SHEEPs
  4 mummies (D:14)
  A worker ant zombie (D:5)
  20 adders
  16 gnolls
  2 howler monkey skeletons
  57 river rats
  2 shadow imps
  12 white imps (Lair:2)
  2 oozes
  3 adder zombies
  2 adder skeletons
  22 worms
  4 dart slugs
  10 giant geckos
  40 orcs
  7 ball pythons
  8 giant cockroaches
  9 goblins
  4 hobgoblins
  19 jackals
  5 quokkas
  6 bats
  A giant gecko skeleton (D:6)
  9 giant newts
  12 kobolds
  A quokka zombie (D:5)
  3 rats
  8 fungi
  6 plants
1133 creatures vanquished.

Vanquished Creatures (others)
  A rime drake (Lair:8)
  A hungry ghost (D:9)
  28 fungi
  27 plants
57 creatures vanquished.

Grand Total: 1190 creatures vanquished

Notes
Turn   | Place    | Note
-------+----------+-------------------------------------------
     0 | D:1      | Sull3877 the Minotaur Fighter began the quest for the Orb.
     0 | D:1      | Reached XP level 1. HP: 19/19 MP: 0/0
    56 | D:1      | Reached skill level 3 in Axes
   147 | D:1      | Reached XP level 2. HP: 27/27 MP: 1/1
   301 | D:1      | Reached skill level 4 in Axes
   337 | D:1      | Reached XP level 3. HP: 33/33 MP: 2/2
   954 | D:2      | Found a faded altar to an unknown god.
   956 | D:2      | Reached skill level 5 in Axes
  1256 | D:2      | Reached XP level 4. HP: 40/40 MP: 3/3
  1607 | D:2      | Reached skill level 5 in Fighting
  1611 | D:2      | Reached XP level 5. HP: 28/48 MP: 4/4
  1840 | D:2      | Found a burning altar of Makhleb.
  1956 | D:3      | Found a sacrificial altar of Ru.
  1959 | D:3      | Found a bloodstained altar of Trog.
  1963 | D:3      | Found an opulent altar of Gozag.
  2736 | D:4      | Gained mutation: You are partially covered in slimy green scales. (AC +2) [potion of beneficial mutation]
  2883 | D:4      | Found a deep blue altar of Sif Muna.
  2885 | D:4      | Found an oddly glowing altar of Pakellas.
  2887 | D:4      | Found a shattered altar of Ashenzari.
  2942 | D:4      | Found a snail-covered altar of Cheibriados.
  2985 | D:4      | Became a worshipper of Cheibriados the Contemplative
  3069 | D:4      | Found a glowing golden altar of the Shining One.
  3180 | D:5      | Entered Level 5 of the Dungeon
  3181 | D:5      | Noticed an ogre
  3250 | D:5      | Reached XP level 6. HP: 57/57 MP: 5/5
  3254 | D:5      | Reached skill level 5 in Armour
  3829 | D:5      | Reached XP level 7. HP: 63/63 MP: 6/6
  4279 | D:6      | Reached * piety under Cheibriados
  4288 | D:6      | Reached skill level 6 in Axes
  4361 | D:6      | Found a shimmering altar of Xom.
  4679 | D:6      | Reached skill level 7 in Axes
  4933 | D:6      | Reached skill level 8 in Axes
  5230 | D:6      | Reached skill level 9 in Axes
  5230 | D:6      | Reached XP level 8. HP: 56/70 MP: 7/7
  5349 | D:6      | Reached ** piety under Cheibriados
  5376 | D:6      | Found a shimmering altar of Xom.
  5698 | D:7      | Found a shattered altar of Ashenzari.
  5757 | D:7      | Found a staircase to the Ecumenical Temple.
  5981 | D:7      | Reached skill level 10 in Armour
  6031 | D:7      | Reached XP level 9. HP: 28/75 MP: 8/8
  6191 | D:7      | Reached *** piety under Cheibriados
  6208 | D:7      | Reached skill level 1 in Invocations
  6321 | D:7      | Reached skill level 5 in Invocations
  6324 | D:7      | Reached **** piety under Cheibriados
  6979 | D:8      | Noticed Erolcha
  6991 | D:8      | Killed Erolcha
  6991 | D:8      | Reached XP level 10. HP: 77/83 MP: 8/14
  7066 | D:8      | Noticed Maurice
  7076 | D:8      | Killed Maurice
  7700 | D:9      | Found a shadowy altar of Dithmenos.
  7733 | D:9      | Found an ancient bone altar of Kikubaaqudgha.
  7741 | D:9      | Found a basalt altar of Yredelemnul.
  7839 | D:9      | Found Udagegh's Food Shop.
  7877 | D:9      | Reached skill level 10 in Axes
  8269 | D:9      | Found an iron altar of Okawaru.
  8277 | D:9      | Found a staircase to the Lair.
  8277 | D:9      | Noticed an elephant
  8289 | D:9      | Killed an elephant
  8289 | D:9      | Reached skill level 11 in Axes
  8440 | D:9      | Reached skill level 1 in Dodging
  8920 | D:10     | Entered Level 10 of the Dungeon
  8930 | D:10     | Reached skill level 5 in Shields
  8990 | D:10     | Reached ***** piety under Cheibriados
  8990 | D:10     | Reached skill level 1 in Evocations
  9071 | D:10     | Reached XP level 11. HP: 89/89 MP: 16/16
  9662 | D:11     | Noticed a hill giant
  9669 | D:11     | Killed a hill giant
  9757 | D:11     | Found a staircase to the Orcish Mines.
  9769 | D:11     | Reached skill level 5 in Evocations
 10090 | D:11     | Noticed a hill giant
 10101 | D:11     | Killed a hill giant
 10155 | D:11     | Noticed a green ugly thing
 10166 | D:11     | Killed a green ugly thing
 10435 | D:11     | Noticed a white ugly thing
 10444 | D:11     | Killed a white ugly thing
 10502 | D:12     | Reached ****** piety under Cheibriados
 10672 | D:12     | Noticed a skeletal warrior
 10682 | D:12     | Killed a skeletal warrior
 10683 | D:12     | Noticed a skeletal warrior
 10683 | D:12     | Noticed a skeletal warrior
 10695 | D:12     | Killed a skeletal warrior
 10695 | D:12     | Reached skill level 10 in Fighting
 10699 | D:12     | Killed a skeletal warrior
 10957 | D:12     | Reached XP level 12. HP: 84/110 MP: 17/17
 11494 | D:13     | Noticed stolve's ghost (journeyman MiBe)
 11501 | D:13     | Killed stolve's ghost
 11504 | D:13     | Noticed Snorg
 11510 | D:13     | Killed Snorg
 11575 | D:13     | Noticed a vault guard
 11602 | D:13     | Noticed a vault guard
 11679 | D:13     | Killed a vault guard
 11772 | D:13     | Killed a vault guard
 11772 | D:13     | Reached skill level 15 in Fighting
 11784 | D:13     | Found a gate to the Vaults.
 11785 | D:13     | Noticed a vault guard
 11785 | D:13     | Noticed a vault guard
 11797 | D:13     | Killed a vault guard
 11803 | D:13     | Killed a vault guard
 11814 | D:13     | Noticed a six-headed hydra
 11815 | D:13     | Reached skill level 12 in Axes
 11826 | D:13     | Killed a nine-headed hydra
 11826 | D:13     | Reached XP level 13. HP: 14/126 MP: 12/18
 12514 | D:13     | Reached skill level 13 in Axes
 12712 | D:14     | Found Juzung's Weapon Emporium.
 12791 | D:14     | Reached skill level 14 in Axes
 12844 | D:14     | Found a shadowy altar of Dithmenos.
 12952 | D:14     | Reached skill level 15 in Axes
 13454 | D:14     | Reached skill level 16 in Axes
 13616 | D:15     | Entered Level 15 of the Dungeon
 13617 | D:15     | Upgraded the game from 0.18-a0-1611-g00361b8 to 0.18-a0-1618-gf90497c
 13654 | D:15     | Found a shimmering altar of Xom.
 13900 | D:15     | Reached XP level 14. HP: 127/135 MP: 19/19
 13909 | D:15     | Reached skill level 17 in Axes
 14532 | D:15     | Found a staircase to the Depths.
 14556 | D:15     | Reached skill level 18 in Axes
 14866 | Lair:1   | Entered Level 1 of the Lair of Beasts
 14936 | Lair:1   | Found a dark tunnel.
 14964 | Volcano  | Entered a volcano
 14964 | Volcano  | Noticed moose's ghost (journeyman GrAM)
 14975 | Volcano  | Killed moose's ghost
 15383 | Volcano  | Noticed Harold
 15384 | Volcano  | Found a radiant altar of Vehumet.
 15400 | Volcano  | Killed Harold
 15741 | Lair:1   | Noticed AtomicRavioli's ghost (novice NaFi)
 15749 | Lair:1   | Killed AtomicRavioli's ghost
 16070 | Lair:2   | Found a frozen archway.
 16086 | IceCv    | Entered an ice cave
 16108 | IceCv    | Reached skill level 19 in Axes
 18357 | Lair:3   | Reached XP level 15. HP: 101/141 MP: 20/20
 18662 | Lair:4   | Found a staircase to the Shoals.
 19616 | Lair:5   | Found a hole to the Spider Nest.
 19753 | Lair:5   | Reached skill level 20 in Axes
 21026 | Lair:7   | Found a viscous altar of Jiyva.
 21027 | Lair:7   | Found a staircase to the Slime Pits.
 21158 | Lair:7   | Reached skill level 21 in Axes
 21596 | Lair:8   | Entered Level 8 of the Lair of Beasts
 21643 | Lair:8   | Reached skill level 22 in Axes
 21911 | Lair:8   | Noticed Kirke
 22206 | Lair:8   | Noticed Josephine
 22215 | Lair:8   | Killed Josephine
 22230 | Lair:8   | Reached XP level 16. HP: 107/149 MP: 21/21
 22504 | Lair:8   | Killed Kirke
 22851 | Lair:8   | Found a runed door.
 23031 | Lair:8   | Reached skill level 10 in Invocations
 23490 | Spider:1 | Entered Level 1 of the Spider Nest
 23503 | Spider:1 | Noticed thromnambular's ghost (adept DrAE)
 23532 | Spider:1 | Killed thromnambular's ghost
 23953 | Spider:1 | You fall through a shaft!
 24811 | Spider:2 | Found a roughly hewn altar of Beogh.
 25304 | Spider:3 | Reached skill level 23 in Axes
 25978 | Spider:4 | Entered Level 4 of the Spider Nest
 25995 | Spider:4 | Reached XP level 17. HP: 152/156 MP: 24/24
 26346 | Spider:4 | Reached skill level 24 in Axes
 26846 | Spider:4 | Got a blackened plate armour
 26866 | Spider:4 | Identified the +9 plate armour of Zeclalag {*Confuse rPois rF- rCorr} (You found it on level 4 of the Spider Nest)
 27407 | Spider:4 | Got a gossamer rune of Zot
 27575 | Shoals:1 | Entered Level 1 of the Shoals
 28225 | Shoals:1 | Reached skill level 25 in Axes
 28432 | Shoals:2 | Upgraded the game from 0.18-a0-1618-gf90497c to 0.19-a0-1494-gdfa627f
 28436 | Shoals:2 | Mangled by an alligator snapping turtle

Vault maps used:
D:1:      lemuel_arrival_broad_hall
D:2:      makhleb_grotto_becter, ecumenical_altar_1, first_bread
D:3:      grunt_temple_overflow_diamond
D:4:      cheibriados_altar_1, grunt_temple_overflow_open,
          nicolae_tso_swordbearing_angel
D:5:      kennysheep_generic_room_9
D:6:      wad_guarded_room, tgw_xom, basic_altar
D:7:      kennysheep_seaside_town, minmay_temple_entry_glassed_door, basic_altar
D:8:      uniq_erolcha, uniq_maurice
D:9:      kennysheep_ambush_hall, okawaru_gym_becter, grunt_dithmenos_shadows,
          minitemple, david_lair_generic, serial_shops, nicolae_shop_trees
D:10:     david_nohive_1
D:11:     erik_orc_2
D:13:     grunt_vaults_entry_fortified, stair_cage_cross, uniq_snorg
D:14:     serial_shops, shop, hangedman_decor_riveting, basic_altar,
          serial_undead, serial_undead_d, serial_undead_d, serial_undead_c,
          serial_undead_a
D:15:     hangedman_depths_entry_try_elsewhere_first, serial_park_square3,
          lemuel_tele_altar
Lair:1:   nicolae_volcano_entry_hallway
Lair:2:   dpeg_oklob_gauntlet, portal_ice_cave_entry_imps, beast_lair_carwin_2
Lair:4:   shoals_dummy_entry
Lair:5:   spider_nest_entry_rubble, beast_lair_carwin_7
Lair:6:   bobbens_dragon_lair_wall
Lair:7:   slime_altar_1, grunt_megastairs_2
Lair:8:   guppyfry_lair_end_dragon, wormcave, uniq_kirke, uniq_josephine
Shoals:2: uniq_polyphemus
Spider:2: nicolae_spider_mines_2
Spider:4: spider_rune_water
IceCv:    ice_cave_small_giant
Volcano:  volcano_grotto

Skill      XL: |  1  2  3  4  5  6  7  8  9 10 11 12 13 14 15 16 17 |
---------------+----------------------------------------------------+-----
Axes           | 3 4 5 9 11 12 16 19 22 23 25 | 25.2
Fighting       | 5 6 11 15 | 15.0
Armour         | 4 6 10 11 12 | 12.0
Invocations    | 7 8 11 | 11.3
Shields        | 6 9 |  9.0
Dodging        | 3 |  3.1
Evocations     | 2 6 8 |  8.0

Action                   |  1- 3 |  4- 6 |  7- 9 | 10-12 | 13-15 | 16-18 || total
-------------------------+-------+-------+-------+-------+-------+-------++-------
Melee: War axe           |    80 |   170 |   212 |   449 |   913 |   665 ||  2489
       Unarmed           |       |       |       |       |    13 |       ||    13
       Broad axe         |       |       |       |       |       |    40 ||    40
Throw: Tomahawk          |       |       |    16 |    28 |     8 |    50 ||   102
       Throwing net      |       |       |       |     7 |     2 |       ||     9
       Javelin           |       |       |       |       |       |     2 ||     2
Invok: Slouch            |       |       |     1 |     6 |    10 |    11 ||    28
       Bend Time         |       |       |       |     1 |     1 |       ||     2
       Step From Time    |       |       |       |       |     1 |       ||     1
       Slouch            |       |       |       |       |       |     3 ||     3
Evoke: Club              |       |       |       |     2 |    17 |    16 ||    35
  Use: Scroll            |       |    13 |     2 |    11 |    12 |     9 ||    47
       Potion            |       |     1 |     2 |     3 |     5 |     1 ||    12
       Potion            |       |       |       |       |       |     1 ||     1
 Stab: Held in net/web   |       |       |       |     4 |       |     3 ||     7
       Paralysed         |       |       |       |       |     7 |       ||     7
       Petrifying        |       |       |       |       |       |     1 ||     1
       Petrified         |       |       |       |       |       |     1 ||     1
  Eat: Chunk             |       |     8 |     2 |     6 |     9 |     4 ||    29
       Bread ration      |       |     1 |       |     3 |     1 |     1 ||     6
       Pizza             |       |       |       |       |     2 |       ||     2
       Meat ration       |       |       |       |       |     1 |       ||     1
       Royal jelly       |       |       |       |       |       |     2 ||     2
Armor: Plate armour      |       |       |       |       |       |     1 ||     1
Dodge: Dodged            |       |       |       |       |       |     2 ||     2
Block: Large shield      |       |       |       |       |       |    12 ||    12
